 Dungeon Crawl Stone Soup version 0.17-a0-1411-g06ff558 (webtiles) character file.

330 urechis the Twirler (level 6, -2/35 HPs)
             Began as a Tengu Gladiator on June 23, 2015.
             Slain by an orc wizard
             ... wielding a +0 dagger
              (5 damage)
             ... on level 4 of the Dungeon.
             The game lasted 00:08:09 (2745 turns).

urechis the Twirler (Tengu Gladiator)               Turns: 2745, Time: 00:08:10

Health: -2/35      AC:  6    Str: 15    XL:     6   Next: 51%
Magic:  7/7        EV: 12    Int:  8    God:
Gold:   156        SH:  0    Dex: 17    Spells: 0 memorised, 5 levels left

rFire  . . .     SeeInvis .     a - +0 quarterstaff
rCold  . . .     Clarity  .     f - +0 ring mail
rNeg   . . .     SustAt   .     (no shield)
rPois  .         Gourm    .     c - +0 hat
rElec  .         Spirit   .     r - +0 cloak
rCorr  .         Warding  .     (no gloves)
rMut   .         Stasis   .     (boots unavailable)
MR     .....                    (no amulet)
Stlth  +.........               (no ring)
                                (no ring)

@: slowed, very slow, not resistant to hostile enchantments, very unstealthy
A: beak, talons 3, able to fly 1
a: Fly


You were on level 4 of the Dungeon.
You were not hungry.

You visited 1 branch of the dungeon, and saw 4 of its levels.

You collected 156 gold pieces.

Inventory:

Hand weapons
 a - a +0 quarterstaff (weapon)
Missiles
 e - 4 throwing nets (quivered)
 j - 20 poisoned needles
Armour
 c - a +0 hat (worn)
 f - a +0 ring mail (worn)
 r - a +0 cloak (worn)
Jewellery
 p - an uncursed amulet of stasis {unknown}
Scrolls
 g - 5 scrolls of identify {unknown}
 m - a scroll of recharging {unknown}
 n - 2 scrolls of teleportation {unknown}
 s - a scroll of blinking {unknown}
Potions
 b - a potion of haste {unknown}
 i - a potion of curing
 k - a potion of flight {unknown}
 l - a potion of beneficial mutation {unknown}
Comestibles
 d - a bread ration
 h - 4 meat rations
 o - a fruit
 q - 2 beef jerkies
 t - a slice of pizza


   Skills:
 - Level 2.0 Fighting
 + Level 7.8 Staves
 - Level 2.1 Throwing
 - Level 3.2 Dodging


You had 5 spell levels left.
You didn't know any spells.

Dungeon Overview and Level Annotations

Branches:
Dungeon (4/15)
 Temple: D:4-7

Altars:
Ashenzari
Kikubaaqudgha
Makhleb
Ru

Annotations:
D:4 Blork the orc


Innate Abilities, Weirdness & Mutations

You have a beak for a mouth.
You have claws for feet.
You can fly.


Message History

The orc wizard hits you but does no damage.
You hear a zap.
You feel as though you will be slow longer.
Drink which item? (? for menu, Esc to quit)
It was a potion of curing.
You feel better.
The orc wizard hits you but does no damage.
You hear some strange, mumbled words.
A puff of flame appears from out of thin air!
The puff of flame hits you!
* * * LOW HITPOINT WARNING * * *
The orc wizard hits you with a dagger.
* * * LOW HITPOINT WARNING * * *
You hear a zap.
You feel as though you will be slow longer.
You closely miss the orc wizard. You peck the orc wizard.
The orc wizard is almost dead.
The orc wizard hits you with a dagger.
* * * LOW HITPOINT WARNING * * *
The orc wizard hits you with a dagger.
You die...

#......#
#......#
#......#
#......#
######.#
#....#
#....#
#...o# .
#...@#
...#######{#
.......###o#
.......')..#
......o#####
.......
......o
#.....o
#......


You could see an orc wizard and an orc.

Vanquished Creatures
  An orc wizard (D:3)
  2 hounds (D:4)
  A hound skeleton (D:4)
  4 adders
  10 gnolls
  An ooze (D:2)
  3 worms
  4 orcs
  A ball python (D:2)
  2 bats (D:1)
  5 giant cockroaches
  7 hobgoblins
  16 jackals
  8 kobolds
  5 giant geckos
  4 giant newts
  3 goblins
  8 rats
85 creatures vanquished.

Vanquished Creatures (others)
  A human (D:3)
1 creature vanquished.

Grand Total: 86 creatures vanquished

Notes
Turn   | Place    | Note
--------------------------------------------------------------
     0 | D:1      | urechis the Tengu Gladiator began the quest for the Orb.
     0 | D:1      | Reached XP level 1. HP: 12/12 MP: 2/2
    39 | D:1      | Found a shattered altar of Ashenzari.
   557 | D:1      | Reached XP level 2. HP: 17/17 MP: 3/3
   614 | D:2      | Reached skill level 4 in Staves
   839 | D:2      | Found a burning altar of Makhleb.
   870 | D:2      | Reached XP level 3. HP: 16/21 MP: 4/4
   950 | D:2      | Found a faded altar to an unknown god.
  1053 | D:2      | Reached skill level 5 in Staves
  1100 | D:2      | Reached XP level 4. HP: 21/26 MP: 5/5
  1275 | D:3      | Found a sacrificial altar of Ru.
  1349 | D:3      | Reached skill level 6 in Staves
  1349 | D:3      | Gained mutation: You can fly. [Tengu growth]
  1349 | D:3      | Reached XP level 5. HP: 21/30 MP: 6/6
  1958 | D:3      | Reached skill level 7 in Staves
  2076 | D:3      | Reached XP level 6. HP: 21/35 MP: 7/7
  2084 | D:3      | Found an ancient bone altar of Kikubaaqudgha.
  2085 | D:3      | Noticed a human
  2087 | D:3      | Killed a human
  2722 | D:4      | Noticed Blork the orc
  2745 | D:4      | Slain by an orc wizard

Vault maps used:
D:1:      dpeg_arrival_central, evilmike_ruin_ashenzari
D:2:      ecumenical_altar_1, kennysheep_nub, bloody_makhleb
D:3:      minmay_door_path, nicolae_ru_great_annihilating_truth,
          tgw_kikubaaqudgha
D:4:      first_bread, uniq_blork_the_orc

Action                   |  1- 3 |  4- 6 || total
-------------------------+-------+-------++-------
Melee: Quarterstaff      |    89 |   161 ||   250
Throw: Throwing net      |       |     3 ||     3
  Use: Potion            |       |     1 ||     1
 Stab: Invisible         |       |     2 ||     2
       Paralysed         |       |     1 ||     1
       Held in net/web   |       |     1 ||     1
  Eat: Chunk             |     1 |     5 ||     6
